 Dungeon Crawl Stone Soup version 0.29.1-1-gd02db6906a (webtiles) character file.

Game seed: 7860056772173119747

5787 hawla the Arsonist (level 11, -5/73 (79) HPs)
             Began as a Meteoran Fire Elementalist on Oct 9, 2022.
             Was a Believer of Vehumet.
             Slain by Grum
             ... wielding a +0 spear of freezing
              (16 damage)
             ... on level 1 of the Lair of Beasts.
             The game lasted 00:20:21 (5872 turns).

hawla the Arsonist (Meteoran Fire Elementalist)     Turns: 5872, Time: 00:20:21

HP:   -5/73 (79)    AC:  8    Str: 15 (16) XL:     11   Next: 26%
MP:   30/36         EV: 10    Int: 20 (21) God:    Vehumet [**....]
Gold: 448           SH:  4    Dex: 15      Spells: 23/32 levels left

rFire   + . .      SeeInvis +   y - staff of earth
rCold   + + +      Faith    .   k - +0 buckler {rF+}
rNeg    + . .      Spirit   .   D - +2 robe
rPois   .          Reflect  .   (no helmet)
rElec   .          Harm     .   q - +1 cloak
rCorr   +          Rampage  .   p - +0 pair of gloves
Will    +....                   m - +0 pair of boots
Stlth   +.........              (no amulet)
HPRegen 0.22/turn               j - ring "Rysmeis" {rC++ rCorr Str+6 SInv}
MPRegen 0.25/turn               t - ring "Meaweine" {rC+ rN+ MP+9}

@: marked, grasped by roots, slowed, glowing, constricted, drained, very slow
A: sense surroundings 2, otherworldly, glowing, explore regen, deterioration 1
a: Renounce Religion


You were on level 1 of the Lair of Beasts.
You worshipped Vehumet.
Vehumet was pleased with you.
You visited 3 branches of the dungeon, and saw 12 of its levels.

You collected 448 gold pieces.

Inventory:

Hand Weapons
 a - a +3 scimitar of flaming
 A - a +0 quarterstaff
Armour
 k - a +0 buckler of fire resistance (worn)
 m - a +0 pair of boots (worn)
 p - a +0 pair of gloves (worn)
 q - a +1 cloak (worn)
 D - a +2 robe (worn)
Magical Staves
 y - a staff of earth (weapon)
Jewellery
 j - the ring "Rysmeis" (left hand) {rC++ rCorr Str+6 SInv}
   (You found it on level 2 of the Dungeon)

   [ring of strength]

   Str:       It affects your strength (+6).
   rC:        It greatly protects you from cold.
   SInv:      It lets you see invisible.
   rCorr:     It protects you from acid and corrosion.
 o - a ring of flight
 r - a +6 ring of strength
 s - a +4 ring of evasion
 t - the ring "Meaweine" (right hand) {rC+ rN+ MP+9}
   (You acquired it on level 9 of the Dungeon)

   [ring of positive energy]

   rC:        It protects you from cold.
   rN:        It protects you from negative energy.
   MP:        It affects your magic capacity (+9).
 u - a ring of poison resistance
Wands
 x - a wand of flame (26)
 z - a wand of polymorph (2)
 G - a wand of charming (4)
Scrolls
 d - a scroll of fear
 g - 6 scrolls of teleportation
 v - a scroll of poison
 B - a scroll of torment {unknown}
 C - a scroll of identify
 E - a scroll of blinking
 F - a scroll of magic mapping
Potions
 b - 4 potions of flight
 c - a potion of cancellation
 e - 2 potions of berserk rage
 f - 3 potions of attraction
 h - 4 potions of might
 i - a potion of heal wounds
 l - 2 potions of brilliance
 n - 7 potions of curing
 w - a potion of magic


   Skills:
 + Level 1.6 Fighting
 + Level 1.2 Staves
 + Level 5.0 Dodging
 - Level 1.4 Stealth
 + Level 1.8 Shields
 + Level 11.3 Spellcasting
 + Level 6.1 Conjurations
 + Level 13.0 Fire Magic
 + Level 1.5 Earth Magic
 + Level 1.5 Evocations


You had 23 spell levels left.
You knew the following spells:

 Your Spells              Type           Power      Damage    Failure   Level
a - Foxfire               Conj/Fire      100%       2x1d9     1%          1
b - Scorch                Fire           100%       2d10      1%          2
c - Flame Wave            Conj/Fire      49%        2d12      1%          4
d - Searing Ray           Conj           72%        2d7       1%          2

Your spell library contained the following spells:

 Spells                   Type           Power      Damage    Failure   Level
 Sandblast                Erth           52%        2d12      4%          1
 Magic Dart               Conj           100%       1d8       1%          1
 Conjure Flame            Conj/Fire      49%        6-21      1%          3
 Inner Flame              Hex/Fire       37%        N/A       1%          3
 Summon Small Mammal      Summ           44%        N/A       8%          1
 Fulminant Prism          Conj/Hex       11%        3d9       22%         4
 Call Canine Familiar     Summ           11%        N/A       24%         3
 Summon Guardian Golem    Hex/Summ       11%        N/A       24%         3


Dungeon Overview and Level Annotations

Branches:
Dungeon (10/15) Zot: 333   Temple (1/1) D:4 Zot: 406    Lair (1/5) D:10 Zot: 553
    Orc: D:9-12

Altars:
Ashenzari
Cheibriados
Dithmenos
Elyvilon
Fedhas
Gozag
Hepliaklqana
Kikubaaqudgha
Makhleb
Nemelex Xobeh
Okawaru
Qazlal
Ru
Sif Muna
Trog
Uskayaw
Vehumet
Wu Jian
Xom
Yredelemnul
Zin
The Shining One

Annotations:
D:10 3 runed translucent doors, lambentLogic's ghost, journeyman KoEn
Lair:1 Grum; Sonja


Innate Abilities, Weirdness & Mutations

You passively map the area around you.
You are easily found by Zot.
You glow in the dark.
You regain HP and MP as you explore.
Your body sometimes deteriorates upon taking damage.


Message History

The curare-tipped dart hits you.
You are more poisoned.
You have difficulty breathing.
You feel as though you will be slow longer.
You feel better. You block the wolf's attack. The wolf bites you!
Sonja casts a spell.
Sonja blinks!
The wolf closely misses you.
Unknown command.
Casting: Flame Wave (dangerous; 1% risk of failure)
Confirm with . or Enter, or press ? or * to list all spells.
Flames lash the cane toad.
The cane toad is heavily wounded.
The cane toad's fire resistance burns away.
The wolf bites you but does no damage. The wolf barely misses you.
Grum hits you from afar with a +0 spear of freezing!
* * * LOW HITPOINT WARNING * * *
Grum freezes you.
* * * LOW HITPOINT WARNING * * *
Sonja mumbles some strange words.
Sonja blinks!
The wolf closely misses you.
Unknown command.
Casting: Scorch (safe; 1% risk of failure)
Confirm with . or Enter, or press ? or * to list all spells.
Casting: Flame Wave (dangerous; 1% risk of failure)
Press: ? - help, Dir - look around, f - activate A wave of flame ripples out!
The flame wave engulfs the wolf!
You kill the wolf!
Vehumet accepts your kill.
You feel your power returning. (Press . to intensify the flame waves.) Grum zaps a wand.
The roots erupt in riotous growth!
The cane toad is unaffected.
The grasping roots grab you!
Grum is unaffected.
The water moccasin is unaffected.
The grasping roots constrict you.
* * * LOW HITPOINT WARNING * * *
The cane toad stings you.
* * * LOW HITPOINT WARNING * * *
Grum hits you from afar with a +0 spear of freezing!
You die...

,
#.#.##.##.##.#.#
* ,
#.........##...#
*
#.###.##..####.#
* , ##.##.# #.#
##.#.## #.# ,
##h...# ** *
#gS#### * * **
###F## * , #.@##
* *#ยง..## *
*##.. ,, #..
*##.* #. * * * ,
#. * * * .. * ,
* , *, ,


You could see Grum, a cane toad (combustible), a water moccasin and a wolf.

Vanquished Creatures
  Erica (D:8)
  Pikel (D:7)
  Maggie (D:8)
  A troll (D:9)
  A hornet (D:9)
  3 yaks (D:9)
  Eustachio (D:5)
  2 wyverns
  Menkaure (D:7)
  A water moccasin (D:6)
  2 ice beasts
  3 black bears
  4 orc warriors
  A centaur (D:7)
  3 wolves (Lair:1)
  2 lemures (D:7)
  2 phantoms (D:5)
  2 kobold brigands (D:10)
  2 bullfrogs
  3 gnoll sergeants
  A scorpion (D:6)
  4 wights (D:8)
  5 killer bees (D:8)
  A howler monkey (D:6)
  2 hounds (D:6)
  4 orc priests
  A jelly (D:8)
  A gnoll bouda (D:5)
  3 iguanas
  5 orc wizards
  Robin (D:2)
  18 gnolls
  6 adders
  2 ufetubi (D:4)
  4 worms
  4 dart slugs
  21 orcs
  2 bats
  6 endoplasms
  6 giant cockroaches
  13 goblins
  14 hobgoblins
  3 jackals (D:2)
  19 kobolds
  3 quokkas
  4 ball pythons
  A frilled lizard (D:1)
  4 rats (D:1)
195 creatures vanquished.

Vanquished Creatures (others)
  A bush (Lair:1)
  188 foxfires
  17 fungi (D:10)
  27 plants
233 creatures vanquished.

Grand Total: 428 creatures vanquished

Notes
Turn   | Place    | Note
-------+----------+-------------------------------------------
     0 | D:1      | hawla the Meteoran Fire Elementalist began the quest for
                  | the Orb.
     0 | D:1      | Reached XP level 1. HP: 14/14 MP: 5/5
   109 | D:1      | Reached skill level 4 in Fire Magic
   109 | D:1      | Reached XP level 2. HP: 10/20 MP: 1/6
   112 | D:1      | Learned a level 2 spell: Scorch
   213 | D:1      | Reached XP level 3. HP: 19/26 MP: 0/8
   647 | D:2      | Reached XP level 4. HP: 33/33 MP: 2/10
   652 | D:2      | Learned a level 4 spell: Flame Wave
   660 | D:2      | Noticed Robin
   667 | D:2      | Killed Robin
   682 | D:2      | Identified the ring "Rysmeis" {rC++ rCorr Str+6 SInv}
   709 | D:2      | Reached skill level 5 in Fire Magic
   845 | D:2      | Reached XP level 5. HP: 38/38 MP: 6/11
  1096 | D:2      | Glimpsed the power of Zot.
  1107 | D:2      | You fall into a shaft and drop 1 floor!
  1432 | D:3      | Reached skill level 6 in Fire Magic
  1499 | D:3      | Reached XP level 6. HP: 39/45 MP: 6/12
  1688 | D:3      | Glimpsed the power of Zot.
  1689 | D:3      | Found a faded altar of an unknown god.
  1947 | D:4      | Noticed a black bear
  1953 | D:4      | Killed a black bear
  1954 | D:4      | Reached skill level 7 in Fire Magic
  1954 | D:4      | Reached XP level 7. HP: 47/50 MP: 3/13
  2289 | D:4      | Glimpsed the power of Zot.
  2296 | D:4      | Found a staircase to the Ecumenical Temple.
  2301 | Temple   | Entered the Ecumenical Temple
  2480 | Temple   | Became a worshipper of Vehumet
  2526 | D:4      | Glimpsed the power of Zot.
  2553 | D:5      | Entered Level 5 of the Dungeon
  2640 | D:5      | Reached skill level 8 in Fire Magic
  2702 | D:5      | Noticed Eustachio
  2708 | D:5      | Killed Eustachio
  2709 | D:5      | Reached XP level 8. HP: 57/57 MP: 5/16
  2741 | D:5      | Reached skill level 5 in Spellcasting
  2745 | D:5      | Found a shimmering blue altar of Sif Muna.
  3076 | D:5      | Glimpsed the power of Zot.
  3117 | D:6      | Gained mutation: Your body sometimes deteriorates upon
                  | taking damage. [potion of mutation]
  3123 | D:6      | Identified a scroll of acquirement
  3123 | D:6      | Acquired a +0 buckler of fire resistance
  3349 | D:6      | Reached skill level 1 in Earth Magic
  3349 | D:6      | Reached skill level 1 in Evocations
  3602 | D:6      | Reached skill level 9 in Fire Magic
  3650 | D:6      | Found a hide-covered altar of Uskayaw.
  3651 | D:6      | Found a blossoming altar of Fedhas.
  3655 | D:6      | Found a broken altar of Ashenzari.
  3655 | D:6      | Found a sparkling altar of Nemelex Xobeh.
  3677 | D:6      | Glimpsed the power of Zot.
  3729 | D:7      | Noticed Menkaure
  3733 | D:7      | Killed Menkaure
  3757 | D:7      | Found a white marble altar of Elyvilon.
  3782 | D:7      | Found an ancient bone altar of Kikubaaqudgha.
  3790 | D:7      | Found a hazy altar of Hepliaklqana.
  3790 | D:7      | Found an opulent altar of Gozag.
  3795 | D:7      | Gained mutation: You passively map the area around you.
                  | [Meteoran growth]
  3795 | D:7      | Reached XP level 9. HP: 62/62 MP: 13/19
  3844 | D:7      | Noticed Pikel
  3859 | D:7      | Killed Pikel
  3860 | D:7      | Reached skill level 10 in Fire Magic
  3934 | D:7      | Reached skill level 1 in Shields
  4010 | D:7      | Reached * piety under Vehumet
  4010 | D:7      | Offered knowledge of Freeze by Vehumet.
  4199 | D:8      | Found a shadowy altar of Dithmenos.
  4210 | D:8      | Reached skill level 5 in Conjurations
  4280 | D:8      | Noticed Maggie
  4285 | D:8      | Killed Maggie
  4286 | D:8      | Reached XP level 10. HP: 58/70 MP: 14/24
  4353 | D:8      | Reached skill level 1 in Fighting
  4353 | D:8      | Reached skill level 11 in Fire Magic
  4415 | D:8      | Noticed Erica
  4484 | D:8      | Learned a level 2 spell: Searing Ray
  4825 | D:8      | Killed Erica
  4826 | D:8      | Reached skill level 10 in Spellcasting
  4826 | D:8      | Reached skill level 12 in Fire Magic
  4878 | D:8      | Glimpsed the power of Zot.
  4928 | D:8      | Glimpsed the power of Zot.
  4986 | D:9      | Acquired the ring "Meaweine" {rC+ rN+ MP+9}
  5224 | D:9      | Reached XP level 11. HP: 74/77 MP: 24/26
  5477 | D:8      | Glimpsed the power of Zot.
  5527 | D:8      | Glimpsed the power of Zot.
  5555 | D:10     | Entered Level 10 of the Dungeon
  5567 | D:10     | Offered knowledge of Sandblast by Vehumet.
  5581 | D:10     | Reached ** piety under Vehumet
  5791 | D:10     | Found a runed translucent gate.
  5792 | D:10     | Found a runed translucent gate.
  5792 | D:10     | Found a runed translucent gate.
  5792 | D:10     | Noticed a 12-headed hydra
  5792 | D:10     | Noticed lambentLogic's ghost (journeyman KoEn)
  5792 | D:10     | Noticed an 11-headed hydra
  5812 | D:10     | Reached skill level 1 in Staves
  5824 | D:10     | Found a staircase to the Lair.
  5831 | Lair:1   | Entered Level 1 of the Lair of Beasts
  5846 | Lair:1   | Reached skill level 13 in Fire Magic
  5863 | Lair:1   | Noticed Sonja
  5867 | Lair:1   | Reached skill level 5 in Dodging
  5868 | Lair:1   | Noticed Grum
  5872 | Lair:1   | Slain by Grum

Illustrated notes

Levels and vault maps discovered:
D:1:      erik_arrival_orb_chamber, layout_basic, grunt_decor_resistance
D:2:      layout_basic, serial_rivers, chequers_serial_rivers_room_a,
          chequers_serial_rivers_small_a, chequers_serial_rivers_large_a,
          chequers_serial_rivers_micro_c, chequers_serial_rivers_micro_d,
          grunt_decor_fettered, minmay_pentomino_z2, uniq_crazy_yiuf_cottage,
          uniq_robin
D:3:      layout_loops_corners, nicolae_ecumenical_lake_church, serial_shops,
          shop_fountains, serial_bayou_pond_c
D:4:      layout_loops_cross, temple_doors_cd
D:5:      layout_basic, mainiacjoe_overflow_24_doors,
          hellmonk_bongcloud_opening, uniq_eustachio
D:6:      layout_basic, grunt_temple_overflow_open, minmay_misc_feat_encased
D:7:      layout_rooms, elyvilon_altar_1, overflow_temple_1_default,
          chequers_temple_overflow_statue_of_worship, uniq_pikel, uniq_menkaure
D:8:      layout_cave_pods, mainiacjoe_overflow_brackets, uniq_amaemon,
          uniq_erica, uniq_maggie
D:9:      layout_gridville
D:10:     layout_loops_ring, grunt_lair_entry_orc_guard_hut,
          gammafunk_ghost_hydra_chop
Temple:   nicolae_temple_bog_church
Lair:1:   layout_loops_ring, wad_woods_06, uniq_gastronok, uniq_grum, uniq_sonja

Skill      XL: |  1  2  3  4  5  6  7  8  9 10 11 |
---------------+----------------------------------+-----
Fire Magic     | 4 5 6 7 8 9 10 12 13 | 13.0
Spellcasting   | 3 4 6 9 10 11 | 11.3
Conjurations   | 2 3 4 5 6 |  6.1
Earth Magic    | 1 |  1.5
Evocations     | 1 |  1.5
Dodging        | 3 4 5 |  5.0
Shields        | 1 |  1.8
Fighting       | 1 |  1.6
Staves         | 1 |  1.2
Stealth        | |  1.4

Action                   |  1- 3 |  4- 6 |  7- 9 | 10-12 || total
-------------------------+-------+-------+-------+-------++-------
Melee: Unarmed           |    11 |    19 |     4 |       ||    34
       Punch             |       |       |     1 |       ||     1
       Staff             |       |       |       |    32 ||    32
 Cast: Foxfire           |    39 |    26 |    39 |     7 ||   111
       Scorch            |     8 |    31 |    45 |    36 ||   120
       Flame Wave        |       |     5 |     9 |    24 ||    38
       Searing Ray       |       |       |       |     5 ||     5
  Use: Scroll            |     3 |     6 |    10 |     5 ||    24
       Potion            |       |     2 |     1 |     4 ||     7
Armor: Robe              |     4 |     9 |     6 |    30 ||    49
Dodge: Dodged            |     9 |    43 |    24 |    62 ||   138
Block: Buckler           |       |       |     5 |    17 ||    22
